 Dungeon Crawl Stone Soup version 0.20.1-2-g1830e616b0 (webtiles) character file.

245 Alfie the Shooter (level 5, -1/46 HPs)
             Began as a Minotaur Hunter on Feb 7, 2020.
             Killed from afar by an orc wizard (5 damage)
             ... with a magic dart
             ... on level 3 of the Dungeon.
             The game lasted 00:07:02 (1571 turns).

Alfie the Shooter (Minotaur Hunter)                 Turns: 1571, Time: 00:07:04

Health: -1/46      AC:  5    Str: 17    XL:     5   Next: 83%
Magic:  4/4        EV: 12    Int:  8    God:
Gold:   116        SH:  0    Dex: 11    Spells: 4/4 levels left

rFire    . . .     SeeInvis .   a - +1 shortbow
rCold    . . .     Gourm    .   (shield currently unavailable)
rNeg     . . .     Faith    .   c - +2 leather armour
rPois    .         Spirit   .   (helmet restricted)
rElec    .         Reflect  .   (no cloak)
rCorr    .         Harm     .   (no gloves)
MR       .....                  (no boots)
Stlth    +.........             (no amulet)
Regen    0.2/turn               (no ring)
MPRegen  0.1/turn               (no ring)

@: slowed, very slow
A: retaliatory headbutt, horns 2
a: no special abilities


You were on level 3 of the Dungeon.
You were not hungry.

You visited 1 branch of the dungeon, and saw 3 of its levels.

You collected 116 gold pieces.

Inventory:

Hand Weapons
 a - a +1 shortbow (weapon)
 b - a +0 short sword
Missiles
 d - 19 arrows (quivered)
Armour
 c - a +2 leather armour (worn)
 h - a +0 pair of gloves
 n - a +1 helmet
 q - a +0 cloak
Jewellery
 o - a cursed ring of teleportation {unknown}
 p - an uncursed ring of poison resistance {unknown}
Scrolls
 k - a scroll of enchant armour
 l - 2 scrolls of teleportation
 m - a scroll of recharging
Potions
 e - a potion of lignification {unknown}
 g - a potion of curing {unknown}
 i - a potion of flight {unknown}
 j - 2 potions of magic {unknown}
Comestibles
 f - 3 bread rations


   Skills:
 + Level 4.0 Fighting
 + Level 1.5 Short Blades
 + Level 6.6 Bows
 + Level 1.2 Armour
 + Level 2.6 Dodging
 + Level 0.7 Stealth


You had 4 spell levels left.
You didn't know any spells.

Dungeon Overview and Level Annotations

Branches:
Dungeon (3/15)

Altars:
Cheibriados
Okawaru


Innate Abilities, Weirdness & Mutations

You reflexively headbutt those who attack you in melee.
You have a pair of horns on your head.


Message History

Firing (i - inventory):
d - 21 arrows (quivered)
Press: ? - help, Shift-Dir - straight line, f/p - orc warrior
Aim: an orc warrior, wielding a scimitar and wearing a shiny plate armour (severely wounded)
You shoot an arrow. The arrow hits the orc warrior!
The orc warrior is almost dead.
The orc warrior hits you with a scimitar!
* * * LOW HITPOINT WARNING * * *
The orc warrior hits you with a scimitar.
* * * LOW HITPOINT WARNING * * *
Firing (i - inventory):
d - 20 arrows (quivered)
Press: ? - help, Shift-Dir - straight line, f/p - orc warrior
Aim: an orc warrior, wielding a scimitar and wearing a shiny plate armour (almost dead)
You shoot an arrow. The arrow hits the orc warrior.
You kill the orc warrior!
Your Fighting skill increases to level 4!
Your Short Blades skill increases to level 1!
Your Armour skill increases to level 1!
The orc wizard gestures at you while chanting.
The magic dart hits you!
You die...

###########
#######..........
#.....#.###.#####
#.###.#.###...###
.##.########.###.........)..
#..(..(.o{o@.##.......#.#.†#
.((......o#####.##..........
###.#####.# #.##..#.#.#.## #
#.#####.##..#.....#
#.......##..####.##
##########.....#.#
#..#).#.### #.#_#......
#..#....###


You could see an orc priest, an orc wizard and an orc.

Vanquished Creatures
  An orc warrior (D:3)
  2 adders (D:2)
  4 gnolls (D:2)
  2 oozes
  3 worms
  2 dart slugs (D:1)
  2 leopard geckos (D:2)
  3 orcs (D:3)
  3 giant cockroaches
  6 goblins
  9 hobgoblins
  9 kobolds
  8 bats
  7 frilled lizards
  11 rats
72 creatures vanquished.

Notes
Turn   | Place    | Note
-------+----------+-------------------------------------------
     0 | D:1      | Alfie the Minotaur Hunter began the quest for the Orb.
     0 | D:1      | Reached XP level 1. HP: 18/18 MP: 0/0
   136 | D:1      | Reached XP level 2. HP: 24/25 MP: 1/1
   180 | D:1      | Reached skill level 5 in Bows
   398 | D:1      | Reached XP level 3. HP: 27/30 MP: 2/2
   868 | D:2      | Reached XP level 4. HP: 38/38 MP: 3/3
   896 | D:2      | Reached skill level 6 in Bows
  1323 | D:3      | Reached XP level 5. HP: 45/45 MP: 4/4
  1337 | D:3      | Found a snail-covered altar of Cheibriados.
  1411 | D:3      | Found an iron altar of Okawaru.
  1561 | D:3      | Noticed an orc warrior
  1571 | D:3      | Killed an orc warrior
  1571 | D:3      | Reached skill level 1 in Short Blades
  1571 | D:3      | Reached skill level 1 in Armour
  1571 | D:3      | Killed from afar by an orc wizard

Skill      XL: |  1  2  3  4  5 |
---------------+----------------+-----
Bows           | 5 6 |  6.6
Fighting       | 3 4 |  4.0
Short Blades   | 1 |  1.5
Armour         | 1 |  1.2
Dodging        | |  2.6
Stealth        | |  0.7

Action                   |  1- 3 |  4- 6 || total
-------------------------+-------+-------++-------
Melee: Short sword       |     2 |    25 ||    27
       Headbutt          |       |     5 ||     5
 Fire: Shortbow          |   113 |    68 ||   181
  Use: Scroll            |     5 |     3 ||     8
  Eat: Royal jelly       |       |     1 ||     1
Armor: Leather armour    |    12 |    10 ||    22
Dodge: Dodged            |    26 |    27 ||    53
